 Dungeon Crawl Stone Soup version 0.20.0-15-g7f486f2 (webtiles) character file.

139 dvd the Grave Robber (level 5, -1/43 HPs)
             Began as a Deep Dwarf Necromancer on June 13, 2017.
             Succumbed to a goblin's poison
             ... on level 2 of the Dungeon.
             The game lasted 00:08:38 (2527 turns).

dvd the Grave Robber (Deep Dwarf Necromancer)       Turns: 2527, Time: 00:08:38

Health: -1/43      AC:  5    Str: 12    XL:     5   Next: 1%
Magic:  0/9        EV: 11    Int: 16    God:
Gold:   86         SH:  0    Dex: 13    Spells: 6/10 levels left

rFire    . . .     SeeInvis +   e - +0 club
rCold    . . .     Gourm    .   (no shield)
rNeg     . . .     Faith    .   p - +0 ring mail
rPois    .         Spirit   .   (no helmet)
rElec    .         Reflect  .   (no cloak)
rCorr    .         Harm     .   (no gloves)
MR       .....                  (no boots)
Stlth    +.........             (no amulet)
Regen    0.0/turn               q - ring of see invisible
MPRegen  0.2/turn               (no ring)

@: lethally poisoned (-1 -> -21), flying, very slightly contaminated,
non-regenerating, hasted, very quick
A: damage resistance, heal wounds, sense surroundings 1, no regeneration
a: Heal Wounds


You were on level 2 of the Dungeon.
You were full.

You visited 1 branch of the dungeon, and saw 2 of its levels.

You collected 86 gold pieces.

Inventory:

Hand Weapons
 e - a +0 club (weapon)
Missiles
 f - 4 tomahawks (quivered)
 k - 15 arrows
Armour
 a - a +0 robe
 p - a +0 ring mail (worn)
Jewellery
 q - a ring of see invisible (left hand)
Scrolls
 g - 2 scrolls of magic mapping {unknown}
 j - a scroll of immolation {unknown}
 m - a scroll of remove curse {unknown}
 o - 2 scrolls of teleportation
Books
 b - a book of Necromancy

   Spells                             Type                      Level
   a - Pain                           Necromancy                   1
   b - Animate Skeleton               Necromancy                   1
   c - Vampiric Draining              Necromancy                   3
   d - Regeneration                   Charms/Necromancy            3
   e - Animate Dead                   Necromancy                   4
   f - Control Undead                 Necromancy                   4
Comestibles
 c - 4 bread rations
 r - a chunk of flesh


   Skills:
 + Level 0.3 Fighting
 + Level 0.6 Maces & Flails
 + Level 0.2 Armour
 + Level 2.5 Dodging
 + Level 2.6 Stealth
 + Level 3.0 Spellcasting
 + Level 5.6 Necromancy


You had 6 spell levels left.
You knew the following spells:

 Your Spells              Type           Power        Failure   Level  Hunger
a - Pain                  Necr           ###.         4%          1    #......
b - Vampiric Draining     Necr           ###.......   12%         3    ###....


Dungeon Overview and Level Annotations

Branches:
Dungeon (2/15)

Altars:


Innate Abilities, Weirdness & Mutations

You are resistant to damage.
You can heal yourself by infusing magical energy.
You passively map a small area around you.
You do not regenerate.


Message History

You feel very sick.
You feel sick.
* * * LOW HITPOINT WARNING * * *
You feel very sick.
* * * LOW HITPOINT WARNING * * *
You feel sick.
* * * LOW HITPOINT WARNING * * *
You feel sick.
Your surroundings suddenly seem different.
* * * LOW HITPOINT WARNING * * *
You feel very sick.
Unknown command.
* * * LOW HITPOINT WARNING * * *
You feel sick.
You eat the meat ration.
That meat ration really hit the spot!
* * * LOW HITPOINT WARNING * * *
You feel sick.
Unknown command.
You aren't carrying any potions.
You die...

### #.# ######.# #######
#......##########......
#.####@#.5...ยง..#.#####
########.##.#.#.######.#.#
#...........#.#.# #.#.#
####.######.##.#.#.# #.#.#
.....# #.##.#.#.######.#.#
####.# #.##.#.#.#......#.#
#.# #.##.#.#.#........#
### #.##.#.#.#.##.#####
#.##.#.#....#.#


There were no monsters in sight!

Vanquished Creatures
  Natasha (twice) (D:2)
  4 adders (D:2)
  A worm (D:2)
  A leopard gecko (D:2)
  2 ball pythons
  5 bats
  A giant cockroach (D:1)
  6 goblins
  9 hobgoblins
  2 frilled lizards (D:1)
  9 kobolds
  9 rats
51 creatures vanquished.

Notes
Turn   | Place    | Note
-------+----------+-------------------------------------------
     0 | D:1      | dvd the Deep Dwarf Necromancer began the quest for the Orb.
     0 | D:1      | Reached XP level 1. HP: 15/15 MP: 3/3
     5 | D:1      | Noticed an electric eel
   304 | D:1      | Reached XP level 2. HP: 19/22 MP: 1/4
   645 | D:1      | Reached skill level 5 in Necromancy
  1186 | D:2      | Reached XP level 3. HP: 12/28 MP: 2/6
  1227 | D:1      | Learned a level 3 spell: Vampiric Draining
  1302 | D:2      | Noticed Natasha
  1332 | D:2      | Killed Natasha
  1427 | D:2      | Reached XP level 4. HP: 12/36 MP: 0/7
  2346 | D:2      | Noticed Natasha
  2350 | D:2      | Killed Natasha
  2516 | D:2      | Reached XP level 5. HP: 27/43 MP: 3/9
  2526 | D:2      | HP: 1/43 [poisoned by a goblin]
  2527 | D:2      | Succumbed to a goblin's poison

Skill      XL: |  1  2  3  4 |
---------------+-------------+-----
Necromancy     | 5 |  5.6
Spellcasting   | 2 3 |  3.0
Fighting       | |  0.3
Maces & Flails | |  0.6
Armour         | |  0.2
Dodging        | |  2.5
Stealth        | |  2.6

Action                   |  1- 3 |  4- 6 || total
-------------------------+-------+-------++-------
Melee: Club              |    46 |    27 ||    73
Throw: Tomahawk          |     2 |     3 ||     5
 Cast: Pain              |    45 |     9 ||    54
       Vampiric Draining |     5 |    18 ||    23
  Use: Potion            |       |     4 ||     4
       Scroll            |       |     1 ||     1
 Stab: Sleeping          |       |     1 ||     1
  Eat: Chunk             |     3 |     6 ||     9
       Meat ration       |       |     1 ||     1
Armor: Robe              |    18 |       ||    18
       Ring mail         |       |    27 ||    27
Dodge: Dodged            |    74 |    53 ||   127
